 Dungeon Crawl Stone Soup version 0.28.0-45-g0d030f2227 (webtiles) character file.

Game seed: 15862731931813461750

214 nickcage the Cudgeller (level 5, 0/45 HPs)
             Began as a Minotaur Abyssal Knight on Apr 11, 2022.
             Was a Believer of Lugonu.
             Slain by Grinder (3 damage)
             ... on level 3 of the Dungeon.
             The game lasted 00:07:42 (2685 turns).

nickcage the Cudgeller (Minotaur Abyssal Knight)    Turns: 2685, Time: 00:07:43

Health: 0/45       AC:  6    Str: 19    XL:     5   Next: 59%
Magic:  5/5        EV: 10    Int:  7    God:    Lugonu [**....]
Gold:   121        SH:  3    Dex: 11    Spells: 4/4 levels left

rFire   . . .      SeeInvis .   g - +0 morningstar
rCold   . . .      Faith    .   j - +0 buckler
rNeg    + . .      Spirit   .   d - +0 ring mail
rPois   .          Reflect  .   (helmet restricted)
rElec   .          Harm     .   (no cloak)
rCorr   .          Rampage  .   (no gloves)
Will    .....                   n - +0 pair of boots {Fly}
Stlth   +.........              (no amulet)
HPRegen 0.15/turn               c - ring of positive energy
MPRegen 0.09/turn               (no ring)

@: flying
A: horns 2, retaliatory headbutt
a: Renounce Religion, Depart the Abyss, Bend Space


You were on level 3 of the Dungeon.
You worshipped Lugonu.
Lugonu was pleased with you.
You visited 1 branch of the dungeon, and saw 3 of its levels.
You visited the Abyss 1 time.

You collected 121 gold pieces.

Inventory:

Hand Weapons
 a - a +1 mace
 g - a +0 morningstar (weapon)
Armour
 b - a +0 leather armour
 d - a +0 ring mail (worn)
 j - a +0 buckler (worn)
 n - a +0 pair of boots of flying (worn)
Jewellery
 c - a ring of positive energy (left hand)
 k - a ring of fire
Wands
 o - a wand of paralysis (7)
Scrolls
 h - a scroll of identify {unknown}
 i - a scroll of noise {unknown}
 l - a scroll of blinking {unknown}
 m - a scroll of magic mapping {unknown}
Potions
 e - a potion of resistance {unknown}
 f - a potion of flight {unknown}


   Skills:
 - Level 3.6 Fighting
 + Level 7.2 Maces & Flails
 - Level 2.4 Armour
 - Level 1.1 Dodging
 - Level 1.7 Invocations


You had 4 spell levels left.
You didn't know any spells.
Your spell library contained the following spells:

 Spells                   Type           Power      Damage    Failure   Level
 Magic Dart               Conj           0%         1d3       73%         1
 Call Imp                 Summ           0%         N/A       86%         2
 Ensorcelled Hibernation  Hex/Ice        0%         N/A       86%         2
 Passwall                 Tmut/Erth      0%         N/A       86%         2
 Mephitic Cloud           Conj/Pois/Air  0%         N/A       97%         3
 Swiftness                Air            0%         N/A       97%         3


Dungeon Overview and Level Annotations

Branches:
Dungeon (3/15)

Altars:
Cheibriados
Makhleb

Shops:
D:1 :

Annotations:
D:3 Grinder


Innate Abilities, Weirdness & Mutations

You have a pair of horns on your head.
You reflexively headbutt those who attack you in melee.


Message History

The orc hits you but does no damage.
Things that are here:
a +0 dagger; a +0 robe; an orc corpse You hit the orc.
You headbutt the orc.
You kill the orc!
Lugonu accepts your kill. The goblin barely misses you.
You furiously retaliate!
You headbutt the goblin!
You kill the goblin!
Lugonu accepts your kill.
An orc comes into view. It is wielding a +4 mace.
You barely miss Grinder. Grinder hits you!
You writhe in agony.
You puncture Grinder!
Grinder is moderately wounded.
Grinder blinks!
The orc hits you with a +4 mace!
You closely miss the orc.
Grinder blinks!
The orc closely misses you.
You hit the orc. You headbutt the orc.
You kill the orc!
Lugonu accepts your kill. Grinder hits you.
Things that are here:
a +0 club; a +0 falchion; a goblin corpse You closely miss Grinder.
Grinder is moderately wounded.
Grinder hits you.
You writhe in agony.
Grinder blinks!
You sock Grinder!
Grinder is heavily wounded.
Grinder hits you!
* * * LOW HITPOINT WARNING * * *
You writhe in agony.
* * * LOW HITPOINT WARNING * * *
You puncture Grinder!
Grinder is severely wounded.
Grinder hits you.
* * * LOW HITPOINT WARNING * * *
You barely miss Grinder.
Grinder is severely wounded.
Grinder hits you.
* * * LOW HITPOINT WARNING * * *
You writhe in agony.
You die...

#.# # ####.#### .###.
#.......###...#
#.##.##.##.....
#.##........##.
#.##....>#.....
#.###.#........
#.#######.###[#.##.....
#..<))@5........###...#
####.##.#(###.........#
#.##.#§# #######...#
#.##.... #...#
..#...... #...#
..........######...#
..#..................
......[..............
.#..###§............


You could see Grinder.

Vanquished Creatures
  Natasha (twice) (D:3)
  An orc wizard (D:3)
  6 adders
  3 orcs (D:3)
  5 bats
  8 endoplasms
  4 giant cockroaches
  11 goblins
  4 hobgoblins
  8 jackals
  2 quokkas (D:1)
  6 ball pythons
  6 frilled lizards
  8 kobolds
  5 rats
79 creatures vanquished.

Notes
Turn   | Place    | Note
-------+----------+-------------------------------------------
     0 | Abyss:1  | nickcage the Minotaur Abyssal Knight began the quest for
                  | the Orb.
     0 | Abyss:1  | Reached XP level 1. HP: 19/19 MP: 1/1
     0 | Abyss:1  | Found a corrupted altar of Lugonu.
     8 | Abyss:1  | Found a corrupted altar of Lugonu.
    91 | Abyss:1  | Noticed an iron imp
    92 | D:1      | Escaped the Abyss
   220 | D:1      | Reached * piety under Lugonu
   224 | D:1      | Reached skill level 3 in Maces & Flails
   234 | D:1      | Reached XP level 2. HP: 26/26 MP: 2/2
   239 | D:1      | You fall into a shaft and drop 1 floor!
   298 | D:2      | Reached skill level 4 in Maces & Flails
   519 | D:1      | Reached XP level 3. HP: 31/31 MP: 3/3
   557 | D:1      | Found Iluing's Book Shoppe.
   900 | D:1      | Found a faded altar of an unknown god.
   924 | D:1      | Reached ** piety under Lugonu
  1261 | D:2      | Reached skill level 5 in Maces & Flails
  1320 | D:2      | Reached XP level 4. HP: 39/39 MP: 4/4
  1584 | D:2      | Found a burning altar of Makhleb.
  2053 | D:3      | Reached skill level 6 in Maces & Flails
  2326 | D:3      | Noticed Natasha
  2331 | D:3      | Found a snail-covered altar of Cheibriados.
  2337 | D:3      | Killed Natasha
  2338 | D:3      | Reached XP level 5. HP: 21/45 MP: 5/5
  2340 | D:3      | Found a burning altar of Makhleb.
  2657 | D:3      | Noticed Grinder
  2657 | D:3      | Noticed Natasha
  2666 | D:3      | Killed Natasha
  2674 | D:3      | Reached skill level 7 in Maces & Flails
  2685 | D:3      | Slain by Grinder

Illustrated notes

Levels and vault maps discovered:
D:1:      lemuel_arrival_broad_hall, layout_loops_ring,
          hellmonk_ecumenical_altar_inner_sanctum, serial_shops, shop,
          minmay_hexomino_f4
D:2:      minmay_evil_eye, layout_basic, basic_altar, due_unseen_surprise
D:3:      layout_loops_cross, nicolae_overflow_squiral, gup_sewer_entry_spiral,
          uniq_grinder, uniq_natasha, uniq_jessica

Skill      XL: |  1  2  3  4  5 |
---------------+----------------+-----
Maces & Flails | 3 4 5 6 7 |  7.2
Fighting       | |  3.6
Armour         | |  2.4
Dodging        | |  1.1
Invocations    | |  1.7

Action                   |  1- 3 |  4- 6 || total
-------------------------+-------+-------++-------
Melee: Mace              |    70 |       ||    70
       Headbutt          |    11 |     6 ||    17
       Punch             |     1 |     1 ||     2
       Morningstar       |    27 |    63 ||    90
Invok: Depart the Abyss  |     1 |       ||     1
Armor: Leather armour    |    12 |       ||    12
       Ring mail         |    22 |    11 ||    33
Dodge: Dodged            |    53 |    36 ||    89
Block: Buckler           |       |     4 ||     4
